 Dungeon Crawl Stone Soup version 0.29-a0-1008-g949cc1d0fb (webtiles) character file.

Game seed: 14616421141523614639

37 xian the Gusty (level 3, -4/25 HPs)
             Began as a Barachi Wanderer on Aug 7, 2022.
             Slain by Natasha (8 damage)
             ... on level 2 of the Dungeon.
             The game lasted 00:04:16 (1943 turns).

xian the Gusty (Barachi Wanderer)                   Turns: 1943, Time: 00:04:17

Health: -4/25      AC:  3    Str:  9    XL:     3   Next: 39%
Magic:  1/5        EV: 11    Int: 20    God:
Gold:   111        SH:  0    Dex:  9    Spells: 0/4 levels left

rFire   + . .      SeeInvis .   m - staff of air
rCold   . . .      Faith    .   (no shield)
rNeg    . . .      Spirit   .   c - +0 robe
rPois   .          Reflect  .   (no helmet)
rElec   +          Harm     .   (no cloak)
rCorr   .          Rampage  .   (no gloves)
Will    .....                   d - +0 pair of boots
Stlth   ++........              (no amulet)
HPRegen 0.08/turn               j - ring of protection from fire
MPRegen 0.09/turn               (no ring)

@: slowed, very slow
A: amphibious, slowness 1, strong legs 1, +LOS
a: Hop


You were on level 2 of the Dungeon.
You visited 1 branch of the dungeon, and saw 2 of its levels.

You collected 111 gold pieces.

Inventory:

Hand Weapons
 g - a +0 war axe
Missiles
 k - 6 silver javelins
Armour
 c - a +0 robe (worn)
 d - a +0 pair of boots (worn)
Magical Staves
 m - a staff of air (weapon)
Jewellery
 j - a ring of protection from fire (left hand)
Scrolls
 a - a scroll of poison {unknown}
 f - 5 scrolls of identify {unknown}
 i - a scroll of enchant armour {unknown}
 l - a scroll of vulnerability {unknown}
 n - a scroll of noise {unknown}
Potions
 b - 2 potions of curing
 e - a potion of heal wounds {unknown}
 h - a potion of cancellation {unknown}
 o - a potion of berserk rage {unknown}


   Skills:
 + Level 0.6 Fighting
 + Level 0.1 Axes
 + Level 1.2 Armour
 + Level 2.3 Stealth
 + Level 1.3 Spellcasting
 + Level 0.2 Conjurations
 + Level 4.1 Air Magic
 + Level 2.3 Poison Magic
 + Level 1.0 Invocations


You couldn't memorise any spells.
You knew the following spells:

 Your Spells              Type           Power      Damage    Failure   Level
a - Shock                 Conj/Air       60%        1d6       7%          1
b - Static Discharge      Conj/Air       15%        3-5/arc   11%         2
c - Summon Small Mammal   Summ           4%         N/A       17%         1

Your spell library contained the following spells:

 Spells                   Type           Power      Damage    Failure   Level
 Sting                    Tmut/Pois      20%        1d4       11%         1
 Apportation              Tloc           2%         N/A       17%         1
 Necrotise                Necr           4%         1d4       17%         1
 Ignite Poison            Fire/Tmut/Pois 4%         N/A       36%         3
 Call Canine Familiar     Summ           1%         N/A       45%         3
 Summon Guardian Golem    Hex/Summ       1%         N/A       45%         3
 Corpse Rot               Necr/Pois/Air  14%        N/A       56%         4


Dungeon Overview and Level Annotations

Branches:
Dungeon (2/15)

Altars:

Annotations:
D:2 Natasha


Innate Abilities, Weirdness & Mutations

You are amphibious.
You cover ground slowly.
You can hop short distances.
You have an extended range of vision and can be seen from far away.


Message History

A bat comes into view.
You feel a surge of power!
The zap misses the bat.
A bat is nearby!
You feel a surge of power!
The zap hits the bat.
The bat is heavily wounded.
The bat misses you.
You feel a surge of power!
The zap hits the bat.
The bat is severely wounded.
The zap hits the bat.
You kill the bat!
Found a plate armour.
Natasha, Servant of Life and Death comes into view.
You feel a surge of power!
The zap hits Natasha.
Natasha is moderately wounded.
Natasha hisses angrily.
Natasha stares at you and mumbles some strange words.
You feel yourself slow down.
You feel a surge of power!
The zap hits Natasha.
Natasha is heavily wounded.
You feel a surge of power!
The zap hits Natasha.
Natasha is heavily wounded.
Natasha stares at you and mumbles some strange words.
The magic dart hits you! Natasha casts a spell at you. The magic dart hits you!
You hit Natasha.
Natasha is severely wounded.
Natasha stares at you and mumbles some strange words.
You feel as though you will be slow longer.
You barely miss Natasha.
Natasha is severely wounded.
Natasha claws you.
* * * LOW HITPOINT WARNING * * *
Natasha closely misses you.
Aiming: Shock (safe; 7% risk of failure)
Press: ? - help, Q - select action, (/) - cycle Shift-Dir - straight line, f/p - Natasha
Aim: Natasha (severely wounded, 64% to hit)
You feel a surge of power!
The zap misses Natasha.
Natasha claws you!
You die...

#....##.##.######
..PP...~~~...
#....##.##.# ...P
######.......#
.... .#
#.......######....
.#
#.................
.#
#......##....#...
.# #.[..........+
.+ ##
#......##....#...#
#......####@h....#
........#
#.........
.....#####
#....#...# ......
#....# ..# ######
#....# .# #....#
#....# #....#
#....#


You could see Natasha.

Vanquished Creatures
  2 dart slugs
  2 endoplasms (D:2)
  A giant cockroach (D:2)
  4 goblins (D:1)
  5 hobgoblins
  5 kobolds
  A quokka (D:1)
  4 bats
  3 rats (D:1)
27 creatures vanquished.

Notes
Turn   | Place    | Note
-------+----------+-------------------------------------------
     0 | D:1      | xian the Barachi Wanderer began the quest for the Orb.
     0 | D:1      | xian set off with the following items: a +0 club, a potion
                  | of curing, a +0 robe, a +0 pair of boots; and the following
                  | spells available to memorise: Shock, Sting, Static
                  | Discharge, Ignite Poison, Corpse Rot.
     0 | D:1      | Reached XP level 1. HP: 13/13 MP: 2/2
     2 | D:1      | Learned a level 1 spell: Shock
    63 | D:1      | Found a faded altar of an unknown god.
   279 | D:1      | Reached XP level 2. HP: 11/19 MP: 0/3
  1179 | D:1      | Reached skill level 4 in Air Magic
  1439 | D:2      | Reached XP level 3. HP: 24/24 MP: 0/4
  1609 | D:2      | Learned a level 2 spell: Static Discharge
  1685 | D:2      | Learned a level 1 spell: Summon Small Mammal
  1937 | D:2      | Noticed Natasha
  1943 | D:2      | Slain by Natasha

Illustrated notes

Levels and vault maps discovered:
D:1:      mainiacjoe_arrival_reflecting_pool, layout_basic,
          chequers_ecumenical_altar_island, dk_noncrumbling_2
D:2:      layout_basic, guppyfry_early_lair_pool, uniq_natasha

Skill      XL: |  1  2 |
---------------+-------+-----
Stealth        | 2 |  2.3
Air Magic      | 4 |  4.1
Fighting       | |  0.6
Axes           | |  0.1
Armour         | |  1.2
Spellcasting   | |  1.3
Conjurations   | |  0.2
Poison Magic   | |  2.3
Invocations    | |  1.0

Action                   || total
-------------------------++-------
Melee: Club              ||    13
       War axe           ||    15
       Punch             ||     1
       Staff             ||     2
 Cast: Shock             ||    48
Armor: Robe              ||    14
Dodge: Dodged            ||    21

Table legend: (Time is in decaauts)
 A = Elapsed time spent in this place.
 B = Non-inter-level travel time spent in this place.
 C = Inter-level travel time spent in this place.
 D = Time resting spent in this place.
 E = Time spent auto-exploring this place.
 F = Levels seen in this place.
 G = Mean time per level.
                   A        B        C        D        E       F      G
               +--------+--------+--------+--------+--------+-----+--------+
         Total |   2153 |   2140 |     13 |      0 |   1862 |   2 | 1076.5 |
       Dungeon |   2153 |   2140 |     13 |      0 |   1862 |   2 | 1076.5 |
               +--------+--------+--------+--------+--------+-----+--------+

Top non-repeatable levels by time:
     D:1: 1593 daAuts
     D:2: 560 daAuts
